 Dungeon Sprint DCSS version 0.31.0-12-g77e489cdc1 (webtiles) character file.

Game seed: 6866471684559139262

8900000 Kallu the Axe Maniac (level 27, -29/228 HPs)
             Began as a Djinni Warper on Feb 14, 2024.
             Was the Champion of Makhleb.
             Annihilated by a meat berserker
             ... wielding a +9 battleaxe
              (66 damage)
             ... in the Dungeon (Sprint VIII: "Arena of Blood").
             The game lasted 00:06:25 (89 turns).

Kallu the Axe Maniac (Djinni Warper)                  Turns: 89, Time: 00:06:25

Health: -29/228    AC:  6    Str: 10    XL:     27
Gold:   0          EV: 27    Int: 26    God:    Makhleb [******] SH:  0 Dex: 16

rFire   + + .        h - +∞ Axe of Woe
rCold   x . .        (shield currently unavailable)
rNeg    . . .        a - +0 leather armour
rPois   ∞            (no helmet)
rElec   .            (no cloak)
rCorr   .            (no gloves)
SInv    +            (boots unavailable)
Will    ++...        (no amulet)
Stlth   +++++++++    i - ring of see invisible
HPRegen 0.58/turn    (no ring)
MPRegen 0.00/turn

%: no teleportation, infuse magic (-30 HP)
@: marked, flying
A: sickness immunity, fire resistance 2, cold vulnerability 1, float, innate
caster, HP casting, extra vitality 1
a: Renounce Religion, Minor Destruction, Lesser Servant of Makhleb, Major
Destruction, Greater Servant of Makhleb


You were in the Dungeon.
You worshipped Makhleb.
Makhleb was exalted by your worship.
You visited 1 branch

Inventory:

Hand Weapons
 h - the +∞ Axe of Woe (weapon)
   (You found it in the Dungeon)
Missiles
 c - 7 darts of dispersal (quivered)
Armour
 a - a +0 leather armour (worn)
Jewellery
 i - a ring of see invisible (left hand)
Scrolls
 b - 2 scrolls of blinking
Potions
 d - a potion of curing
 e - a potion of heal wounds
 f - a potion of haste
 g - a potion of berserk rage


   Skills:
 O Level 27 Fighting
 O Level 27 Short Blades
 O Level 27 Long Blades
 O Level 27 Axes
 O Level 27 Maces & Flails
 O Level 27 Polearms
 O Level 27 Staves
 O Level 27 Ranged Weapons
 O Level 27 Throwing
 O Level 27 Armour
 O Level 27 Dodging
 O Level 27 Stealth
 O Level 27 Shields
 O Level 27 Unarmed Combat
 O Level 27 Spellcasting
 O Level 27 Conjurations
 O Level 27 Hexes
   Level 0.0 Charms
 O Level 27 Summonings
 O Level 27 Necromancy
 O Level 27 Translocations
   Level 0.0 Transmutations
 O Level 27 Fire Magic
 O Level 27 Ice Magic
 O Level 27 Air Magic
 O Level 27 Earth Magic
 O Level 27 Alchemy
 O Level 27 Invocations
 O Level 27 Evocations
 O Level 27 Shapeshifting


You knew the following spells:

 Your Spells              Type           Power      Damage    Failure   Level
a - Blink                 Tloc           100%       N/A       0%          2
b - Lesser Beckoning      Tloc           100%       N/A       0%          2
c - Teleport Other        Tloc           100%       N/A       0%          3
d - Manifold Assault      Tloc           100%       N/A       0%          4
e - Vhi's Electric Charg  Tloc/Air       100%       N/A       0%          4
f - Sandblast             Erth           100%       2d20      0%          1
g - Mercury Vapours       Alch/Air       100%       N/A       0%          2
h - Tukima's Dance        Hex            100%       N/A       0%          3
i - Anguish               Hex/Necr       54%        N/A       0%          4
j - Dispel Undead         Necr           100%       3d31      0%          4
k - Arcjolt               Conj/Air       54%        1d64      0%          5
l - Eringya's Noxious Bo  Alch           54%        4d6       0%          6
m - Dispersal             Tloc           54%        N/A       0%          6
n - Summon Hydra          Summ           54%        N/A       0%          7
o - Haunt                 Necr/Summ      54%        N/A       0%          7
p - Enfeeble              Hex            54%        N/A       0%          7
q - Death's Door          Necr           54%        N/A       1%          9
r - Dragon's Call         Summ           54%        N/A       1%          9
Your spell library was empty.

Dungeon Overview and Level Annotations

Branches:
Dungeon (1/1)

Altars:
Makhleb


Innate Abilities, Weirdness & Mutations

You are immune to sickness and miasma.
You are immune to poison.
Your flesh is very heat resistant. (rF++)
You are vulnerable to cold. (rC-)
You float through the air rather than walking.
You learn spells naturally, not from books.
Your magical power is your life essence.
You have superior vitality. (+4 MHP)


Message History

You kill the bag of meat!
Makhleb accepts your kill.
You feel better.
You slash the dread!
You butcher the dread messily.
You destroy the dread!
Makhleb accepts your kill.
You feel better.
You hit the accursed but do no damage.
You cleave the accursed in twain.
You destroy the accursed!
Makhleb accepts your kill.
You feel better.
You feel extremely nervous for a moment...
Your body is wracked with pain!
You are engulfed in blazing flames.
You resist.
A meat beast comes into view.
The meat berserker is engulfed in blazing flames.
A meat berserker comes into view. It is wielding a +9 battleaxe.
The meat berserker is engulfed in blazing flames.
The accursed points at you and mumbles some strange words.
Something smites you!
A sculptor of flesh comes into view. It is wielding a +9 great sword.
The destroyer gestures at you while chanting.
The destroyer blinks!
A bag of meat comes into view. It is wielding a +9 war axe. x3
The meat beast bites you! The meat beast tramples you.
You hold your ground!
The eight-headed meat hydra calls on the powers of darkness!
The eight-headed meat hydra convulses!
The bag of meat convulses! x2
The meat berserker convulses!
The bag of meat convulses!
Your body is wracked with pain!
* * * LOW HITPOINT WARNING * * *
The bag of meat convulses! x2; The meat berserker convulses!
The bag of meat convulses! x2; The eight-headed meat hydra convulses!
The meat berserker convulses!
The bag of meat convulses! x3
The meat berserker convulses!
The large bag of meat convulses!
Flame seeps out of the large bag of meat.
The bag of meat convulses!
The eight-headed meat hydra convulses!
The bag of meat convulses!
A large bag of meat comes into view. It is wielding a +9 giant spiked club.
The destroyer points at you and mumbles some strange words.
The destroyer blinks!
The meat berserker hits you with a +9 battleaxe!!!
You die...

###.........§.....####
..........)).........###
......##.##)#####......
....D.....)).)........
####.....##)##)..§......
.....o.).))).)DW.V......
#.....M))))#)#)§)....#
#.....).oo))Vo)o.).###
.#....)..M2O@2Ozo.....L.
..#.....))OO§§§oo.§.....
o.......W)§§Do)o.O§.....
.....oo.O2M°§)oo.oO.§...
..)..2#.o.D§zW#.Oo......
#....o#OO...o.#.o...oV..
.o..###2VO.MoD###..Oo...
....°oO.###.o...z...
#........_..........


You could see 4 accurseds, 5 meat beasts, 5 eight-headed meat hydras, 3
destroyers, 3 sculptors of flesh, 3 large bags of meat, a dread, 10 meat
berserkers, 2 wretched souls and 22 bags of meat.

Vanquished Creatures
  Sigmund (D)
  7 hell beasts (D)
  5 royal mummies (D)
  4 wraiths (D)
  Harold (D)
  11 vampire knights (D)
  50 ogres (D)
  11 two-headed ogres (D)
  6 liches (D)
  A hydra (D)
  2 phantoms (D)
  106 orcs (D)
  13 skeletal warriors (D)
218 creatures vanquished.

Vanquished Creatures (others)
  A two-headed ogre (D)
  An orc (D)
2 creatures vanquished.

Grand Total: 220 creatures vanquished

Notes
Turn   | Place    | Note
-------+----------+-------------------------------------------
     0 | D        | Found the +∞ Axe of Woe
     0 | D        | Kallu the Djinni Warper began the quest for the Orb.
     0 | D        | Kallu set off with the following spells memorised: Blink,
                  | Lesser Beckoning, Teleport Other, Manifold Assault, Vhi's
                  | Electric Charge.
     0 | D        | Reached XP level 1. HP: 18/18 MP: 0/0
     4 | D        | Became a worshipper of Makhleb the Destroyer
     4 | D        | Noticed a meat berserker
     5 | D        | Noticed a bag of meat
     6 | D        | Noticed a bag of meat
     6 | D        | Noticed a bag of meat
     6 | D        | Noticed a bag of meat
     8 | D        | Noticed a bag of meat
     9 | D        | Killed a bag of meat
     9 | D        | Killed a meat berserker
     9 | D        | Reached * piety under Makhleb
     9 | D        | Noticed a bag of meat
     9 | D        | Noticed a bag of meat
     9 | D        | Noticed a bag of meat
     9 | D        | Noticed a meat berserker
    10 | D        | Reached XP level 2. HP: 30/48 MP: 0/0
    10 | D        | Reached XP level 3. HP: 34/54 MP: 0/0
    10 | D        | Learned a level 1 spell: Sandblast
    10 | D        | Reached XP level 4. HP: 37/60 MP: 0/0
    10 | D        | Reached XP level 5. HP: 41/66 MP: 0/0
    10 | D        | Learned a level 2 spell: Mercury Vapours
    10 | D        | Reached XP level 6. HP: 46/73 MP: 0/0
    10 | D        | Reached XP level 7. HP: 49/78 MP: 0/0
    10 | D        | Learned a level 3 spell: Tukima's Dance
    10 | D        | Reached XP level 8. HP: 53/85 MP: 0/0
    10 | D        | Reached XP level 9. HP: 57/91 MP: 0/0
    10 | D        | Learned a level 4 spell: Anguish
    10 | D        | Reached XP level 10. HP: 61/97 MP: 0/0
    10 | D        | Reached XP level 11. HP: 64/103 MP: 0/0
    10 | D        | Learned a level 4 spell: Dispel Undead
    10 | D        | Reached XP level 12. HP: 69/110 MP: 0/0
    10 | D        | Reached XP level 13. HP: 72/115 MP: 0/0
    10 | D        | Learned a level 5 spell: Arcjolt
    10 | D        | Killed a bag of meat
    10 | D        | Noticed a bag of meat
    10 | D        | Noticed a bag of meat
    10 | D        | Noticed a bag of meat
    10 | D        | Noticed a bag of meat
    11 | D        | Noticed a bag of meat
    11 | D        | Noticed a bag of meat
    11 | D        | Noticed a bag of meat
    11 | D        | Noticed a bag of meat
    11 | D        | Noticed a large bag of meat
    11 | D        | Noticed a large bag of meat
    12 | D        | Noticed a bag of meat
    12 | D        | Noticed a bag of meat
    12 | D        | Noticed a bag of meat
    12 | D        | Noticed a bag of meat
    13 | D        | Killed a bag of meat
    13 | D        | Noticed a meat berserker
    14 | D        | Reached XP level 14. HP: 104/128 MP: 0/0
    14 | D        | Killed a meat berserker
    14 | D        | Reached ** piety under Makhleb
    14 | D        | Noticed a bag of meat
    14 | D        | Noticed a bag of meat
    14 | D        | Noticed a bag of meat
    15 | D        | Noticed a bag of meat
    15 | D        | Noticed a bag of meat
    15 | D        | Noticed a bag of meat
    15 | D        | Noticed a bag of meat
    15 | D        | Noticed a bag of meat
    15 | D        | Noticed a meat berserker
    15 | D        | Noticed a bag of meat
    15 | D        | Noticed a bag of meat
    15 | D        | Noticed a bag of meat
    15 | D        | Noticed a bag of meat
    15 | D        | Noticed a bag of meat
    15 | D        | Noticed a bag of meat
    16 | D        | Killed a bag of meat
    16 | D        | Killed a bag of meat
    16 | D        | Killed a bag of meat
    16 | D        | Reached *** piety under Makhleb
    16 | D        | Killed a bag of meat
    16 | D        | Killed a bag of meat
    16 | D        | Killed a bag of meat
    16 | D        | Reached **** piety under Makhleb
    16 | D        | Noticed a bag of meat
    17 | D        | Reached skill level 27 in Fighting
    17 | D        | Reached skill level 27 in Axes
    17 | D        | Reached XP level 15. HP: 147/147 MP: 0/0
    17 | D        | Learned a level 6 spell: Eringya's Noxious Bog
    17 | D        | Reached XP level 16. HP: 154/154 MP: 0/0
    17 | D        | Killed a large bag of meat
    17 | D        | Reached ***** piety under Makhleb
    17 | D        | Noticed a meat berserker
    18 | D        | Reached skill level 27 in Dodging
    18 | D        | Reached skill level 5 in Stealth
    18 | D        | Reached XP level 17. HP: 150/160 MP: 0/0
    18 | D        | Learned a level 6 spell: Dispersal
    19 | D        | Killed a large bag of meat
    19 | D        | Killed a meat berserker
    20 | D        | Reached XP level 18. HP: 153/167 MP: 0/0
    20 | D        | Noticed a meat berserker
    21 | D        | Reached ****** piety under Makhleb
    21 | D        | Killed a meat berserker
    22 | D        | Reached skill level 15 in Spellcasting
    22 | D        | Reached skill level 15 in Conjurations
    22 | D        | Reached skill level 15 in Hexes
    22 | D        | Reached skill level 15 in Summonings
    22 | D        | Reached skill level 15 in Necromancy
    22 | D        | Reached skill level 15 in Translocations
    22 | D        | Reached skill level 15 in Fire Magic
    22 | D        | Reached skill level 15 in Ice Magic
    22 | D        | Reached skill level 15 in Air Magic
    22 | D        | Reached skill level 15 in Earth Magic
    22 | D        | Reached skill level 15 in Alchemy
    22 | D        | Reached XP level 19. HP: 174/174 MP: 0/0
    22 | D        | Learned a level 7 spell: Summon Hydra
    22 | D        | Noticed a large bag of meat
    24 | D        | Reached XP level 20. HP: 181/181 MP: 0/0
    24 | D        | Noticed a large bag of meat
    25 | D        | Noticed a destroyer
    26 | D        | Noticed a meat berserker
    28 | D        | Reached XP level 21. HP: 187/187 MP: 0/0
    28 | D        | Learned a level 7 spell: Haunt
    28 | D        | Noticed The Servant
    29 | D        | Killed The Servant
    30 | D        | Noticed a meat berserker
    32 | D        | Noticed a meat berserker
    33 | D        | Killed a large bag of meat
    33 | D        | Killed a meat berserker
    34 | D        | Reached skill level 27 in Armour
    34 | D        | Reached skill level 27 in Unarmed Combat
    34 | D        | Reached skill level 27 in Invocations
    34 | D        | Reached XP level 22. HP: 164/194 MP: 0/0
    34 | D        | Noticed a destroyer
    34 | D        | Noticed a meat berserker
    35 | D        | Reached skill level 27 in Stealth
    35 | D        | Noticed a destroyer
    35 | D        | Noticed a meat berserker
    36 | D        | Killed a meat berserker
    36 | D        | Killed a meat berserker
    37 | D        | Reached skill level 27 in Spellcasting
    37 | D        | Reached skill level 27 in Conjurations
    37 | D        | Reached skill level 27 in Hexes
    37 | D        | Reached skill level 27 in Summonings
    37 | D        | Reached skill level 27 in Necromancy
    37 | D        | Reached skill level 27 in Translocations
    37 | D        | Reached skill level 27 in Fire Magic
    37 | D        | Reached skill level 27 in Ice Magic
    37 | D        | Reached skill level 27 in Air Magic
    37 | D        | Reached skill level 27 in Earth Magic
    37 | D        | Reached skill level 27 in Alchemy
    37 | D        | Reached XP level 23. HP: 201/201 MP: 0/0
    37 | D        | Learned a level 7 spell: Enfeeble
    37 | D        | Killed a destroyer
    38 | D        | Reached skill level 27 in Throwing
    38 | D        | Reached skill level 10 in Maces & Flails
    38 | D        | Reached skill level 10 in Polearms
    38 | D        | Reached XP level 24. HP: 208/208 MP: 0/0
    40 | D        | Killed a destroyer
    41 | D        | Reached XP level 25. HP: 214/214 MP: 0/0
    41 | D        | Learned a level 9 spell: Death's Door
    42 | D        | Reached skill level 27 in Maces & Flails
    42 | D        | Reached skill level 27 in Polearms
    43 | D        | Reached XP level 26. HP: 221/221 MP: 0/0
    43 | D        | Noticed a destroyer
    43 | D        | Killed a large bag of meat
    43 | D        | Noticed a destroyer
    44 | D        | Reached skill level 27 in Staves
    44 | D        | Noticed a destroyer
    44 | D        | Noticed a large bag of meat
    46 | D        | Reached skill level 10 in Shields
    46 | D        | Reached skill level 10 in Evocations
    46 | D        | Killed a destroyer
    46 | D        | Killed a destroyer
    47 | D        | Reached XP level 27. HP: 228/228 MP: 0/0
    47 | D        | Learned a level 9 spell: Dragon's Call
    48 | D        | Reached skill level 15 in Short Blades
    48 | D        | Reached skill level 15 in Long Blades
    48 | D        | Noticed a destroyer
    48 | D        | Killed a destroyer
    49 | D        | Reached skill level 15 in Ranged Weapons
    49 | D        | Reached skill level 15 in Shapeshifting
    49 | D        | Noticed a large bag of meat
    49 | D        | Killed a destroyer
    49 | D        | Noticed a tyrant
    52 | D        | Noticed a destroyer
    52 | D        | Noticed an accursed
    52 | D        | Killed an accursed
    52 | D        | Killed a destroyer
    52 | D        | Noticed an accursed
    53 | D        | Noticed an accursed
    54 | D        | Noticed a tyrant
    54 | D        | Noticed a tyrant
    55 | D        | Reached skill level 27 in Shields
    55 | D        | Reached skill level 27 in Evocations
    55 | D        | Killed a tyrant
    55 | D        | Noticed a tyrant
    56 | D        | Reached skill level 27 in Short Blades
    56 | D        | Reached skill level 27 in Long Blades
    56 | D        | Killed a tyrant
    57 | D        | Noticed a large bag of meat
    57 | D        | Killed a large bag of meat
    58 | D        | Reached skill level 27 in Ranged Weapons
    58 | D        | Reached skill level 27 in Shapeshifting
    58 | D        | Noticed a large bag of meat
    59 | D        | Noticed a destroyer
    60 | D        | Killed a tyrant
    60 | D        | Killed a large bag of meat
    60 | D        | Noticed a destroyer
    61 | D        | Killed an accursed
    61 | D        | Noticed an accursed
    63 | D        | Noticed a large bag of meat
    65 | D        | Killed a destroyer
    65 | D        | Noticed The Captor
    65 | D        | Noticed a dread
    66 | D        | Noticed a destroyer
    66 | D        | Killed an accursed
    66 | D        | Killed a tyrant
    66 | D        | Noticed a large bag of meat
    69 | D        | Killed The Captor
    69 | D        | Noticed a tyrant
    70 | D        | Killed a large bag of meat
    70 | D        | Noticed a meat beast
    71 | D        | Killed a destroyer
    71 | D        | Killed a destroyer
    73 | D        | Noticed a meat beast
    73 | D        | Noticed an accursed
    74 | D        | Noticed a dread
    75 | D        | Noticed a large bag of meat
    76 | D        | Killed a dread
    77 | D        | Killed a destroyer
    77 | D        | Killed a meat beast
    77 | D        | Noticed a dread
    78 | D        | Noticed a large bag of meat
    79 | D        | Noticed an accursed
    79 | D        | Noticed a tyrant
    79 | D        | Killed a large bag of meat
    79 | D        | Killed a large bag of meat
    79 | D        | Killed a large bag of meat
    79 | D        | Noticed a meat beast
    79 | D        | Noticed a dread
    80 | D        | Killed a large bag of meat
    80 | D        | Killed a meat beast
    81 | D        | Noticed a destroyer
    81 | D        | Noticed an accursed
    82 | D        | Noticed a meat beast
    82 | D        | Noticed a meat beast
    82 | D        | Noticed a destroyer
    82 | D        | Noticed a meat beast
    83 | D        | Noticed a meat beast
    84 | D        | Killed a meat beast
    85 | D        | Killed a dread
    85 | D        | Killed a tyrant
    85 | D        | Killed a large bag of meat
    85 | D        | Noticed a destroyer
    86 | D        | Noticed a meat beast
    86 | D        | Killed a meat beast
    86 | D        | Killed a meat beast
    86 | D        | Killed a dread
    86 | D        | Noticed a dread
    86 | D        | Noticed a large bag of meat
    87 | D        | Noticed a meat beast
    87 | D        | Killed an accursed
    87 | D        | Killed a meat beast
    87 | D        | Noticed a meat beast
    87 | D        | Noticed a destroyer
    87 | D        | Noticed a large bag of meat
    87 | D        | Noticed an accursed
    88 | D        | Killed a meat beast
    89 | D        | Noticed an accursed
    89 | D        | Killed a tyrant
    89 | D        | Killed a dread
    89 | D        | Killed an accursed
    89 | D        | Noticed a meat beast
    89 | D        | Noticed a large bag of meat
    89 | D        | Annihilated by a meat berserker

Illustrated notes

Levels and vault maps discovered:
D:        meatsprint

Skill      XL: |  1  2  3  4  5  6  7  8  9 10 11 12 13 14 15 16 17 18 19 20 21 22 23 24 25 26 27 |
---------------+----------------------------------------------------------------------------------+-----
Fighting       | 18 21 27 | 27.0
Axes           | 21 24 27 | 27.0
Dodging        | 20 27 | 27.0
Armour         | 6 14 18 20 23 27 | 27.0
Stealth        | 5 12 16 19 21 25 27 | 27.0
Unarmed Combat | 6 14 18 20 23 27 | 27.0
Spellcasting   | 6 12 15 17 19 23 27 | 27.0
Conjurations   | 6 12 15 17 19 23 27 | 27.0
Hexes          | 6 12 15 17 19 23 27 | 27.0
Summonings     | 6 12 15 17 19 23 27 | 27.0
Necromancy     | 6 12 15 17 19 23 27 | 27.0
Translocations | 6 12 15 17 19 23 27 | 27.0
Fire Magic     | 6 12 15 17 19 23 27 | 27.0
Ice Magic      | 6 12 15 17 19 23 27 | 27.0
Air Magic      | 6 12 15 17 19 23 27 | 27.0
Earth Magic    | 6 12 15 17 19 23 27 | 27.0
Alchemy        | 6 12 15 17 19 23 27 | 27.0
Invocations    | 6 13 18 20 23 27 | 27.0
Throwing       | 23 27 | 27.0
Maces & Flails | 10 25 27 | 27.0
Polearms       | 10 25 27 | 27.0
Staves         | 26 27 | 27.0
Short Blades   | 13 27 | 27.0
Long Blades    | 13 27 | 27.0
Ranged Weapons | 12 27 | 27.0
Shields        | 14 27 | 27.0
Evocations     | 14 27 | 27.0
Shapeshifting  | 12 27 | 27.0

Action                     |  1- 3 |  4- 6 |  7- 9 | 10-12 | 13-15 | 16-18 | 19-21 | 22-24 | 25-27 || total
---------------------------+-------+-------+-------+-------+-------+-------+-------+-------+-------++-------
  Melee: Executioner's axe |     1 |       |       |       |     3 |     3 |     7 |    13 |    44 ||    71
   Cast: Vhi's Electric Ch |       |       |       |       |       |       |     3 |     3 |    15 ||    21
         Manifold Assault  |       |       |       |       |       |       |       |     2 |       ||     2
 Armour: Leather armour    |     1 |       |       |       |     4 |     5 |     5 |     4 |    30 ||    49
  Dodge: Dodged            |       |       |       |       |     1 |     3 |     1 |     2 |     3 ||    10
